 Dungeon Crawl Stone Soup version 0.20.1-1-g8b1a95d (webtiles) character file.

47 Lanoc the Charlatan (level 3, -1/31 HPs)
             Began as a Deep Dwarf Artificer on Nov 23, 2017.
             Slain by a worm (7 damage)
             ... on level 3 of the Dungeon.
             The game lasted 00:08:26 (1287 turns).

Lanoc the Charlatan (Deep Dwarf Artificer)          Turns: 1287, Time: 00:08:27

Health: -1/31      AC:  5    Str: 16    XL:     3   Next: 48%
Magic:  6/6        EV: 11    Int: 11    God:
Gold:   126        SH:  0    Dex: 13    Spells: 2/2 levels left

rFire    . . .     SeeInvis .   a - +0 short sword
rCold    . . .     Gourm    .   (no shield)
rNeg     . . .     Faith    .   b - +0 leather armour
rPois    .         Spirit   .   t - +0 helmet
rElec    .         Reflect  .   (no cloak)
rCorr    .         Harm     .   p - +0 pair of gloves
MR       .....                  (no boots)
Stlth    +.........             (no amulet)
Regen    0.0/turn               (no ring)
MPRegen  0.1/turn               (no ring)

@: non-regenerating, heavily drained
A: damage resistance, heal wounds, sense surroundings 1, no regeneration
a: Heal Wounds


You were on level 3 of the Dungeon.
You were hungry.

You visited 1 branch of the dungeon, and saw 3 of its levels.

You collected 126 gold pieces.

Inventory:

Hand Weapons
 a - a +0 short sword (weapon)
Missiles
 r - 6 tomahawks (quivered)
Armour
 b - a +0 leather armour (worn)
 p - a +0 pair of gloves (worn)
 t - a +0 helmet (worn)
Jewellery
 s - an uncursed amulet of harm
Wands
 c - a wand of flame (15/48)
 d - a wand of enslavement (15/24)
 e - a wand of random effects (15/48)
Scrolls
 g - 3 scrolls of identify
 k - 3 scrolls of teleportation
 l - 2 scrolls of amnesia {unknown}
 n - 4 scrolls of remove curse
Potions
 i - a potion of resistance {unknown}
 j - 2 potions of heal wounds
 o - 3 potions of flight {unknown}
 q - a potion of cancellation {unknown}
 u - a potion of haste
Comestibles
 f - a bread ration
 h - a meat ration
 m - a chunk of flesh


   Skills:
 + Level 1.1(0.0) Fighting
 + Level 1.3(0.0) Short Blades
 + Level 0.9(0.0) Armour
 + Level 2.7(1.2) Dodging
 + Level 1.5(0.0) Stealth
 + Level 4.9(3.2) Evocations


You had 2 spell levels left.
You didn't know any spells.

Dungeon Overview and Level Annotations

Branches:
Dungeon (3/15)

Altars:


Innate Abilities, Weirdness & Mutations

You are resistant to damage.
You can heal yourself by infusing magical energy.
You passively map a small area around you.
You do not regenerate.


Message History

The worm barely misses you.
You barely miss the worm.
The worm is lightly wounded.
You hit the worm.
The worm is moderately wounded.
The worm barely misses you.
You hit the worm but do no damage.
The worm is moderately wounded.
The worm bites you.
You puncture the worm!
The worm is severely wounded.
Some of the chunks of flesh in your inventory have rotted away.
You hit the worm.
The worm is severely wounded.
The worm bites you!
* * * LOW HITPOINT WARNING * * *
You hit the worm but do no damage.
The worm is severely wounded.
The worm bites you!
You die...

* , , , , , ,..#
# , # ** *..#.#
, #.#### ..#.# *
#.#..[ ....# #
....# * .<..#.#
#..# .....$.
#..####....... *
#....@w....... ,
#..####.....#.
#.## *....##
#####.#####..###
, #.............
, *
#.###.###.#.###
* ,* #.# w# * *
#.# .# #.# ,


You could see a worm.

Vanquished Creatures
  An ooze (D:1)
  A worm (D:3)
  A dart slug (D:1)
  A leopard gecko (D:3)
  5 bats
  2 giant cockroaches
  A goblin (D:1)
  11 hobgoblins
  3 jackals (D:2)
  A ball python (D:3)
  3 kobolds
  4 rats
34 creatures vanquished.

Notes
Turn   | Place    | Note
-------+----------+-------------------------------------------
     0 | D:1      | Lanoc the Deep Dwarf Artificer began the quest for the Orb.
     0 | D:1      | Reached XP level 1. HP: 16/16 MP: 3/3
   139 | D:1      | Reached skill level 1 in Fighting
   220 | D:1      | Reached XP level 2. HP: 17/25 MP: 5/5
   675 | D:2      | Reached skill level 1 in Short Blades
   771 | D:2      | Reached XP level 3. HP: 25/31 MP: 6/6
  1287 | D:3      | Slain by a worm

Skill      XL: |  1  2 |
---------------+-------+-----
Fighting       | 1 |  1.1
Short Blades   | 1 |  1.3
Armour         | |  0.9
Dodging        | |  2.7
Stealth        | |  1.5
Evocations     | |  4.9

Action                   || total
-------------------------++-------
Melee: Short sword       ||   204
Throw: Tomahawk          ||     6
  Use: Potion            ||     1
       Scroll            ||     2
  Eat: Chunk             ||     1
Armor: Leather armour    ||    69
Dodge: Dodged            ||   156
